 Dungeon Crawl Stone Soup version 0.18-a0-1760-gbb863503 (webtiles) character file.

4103 MrRokkomies the Basher (level 10, 0/114 HPs)
             Began as an Ogre Hunter on Apr 12, 2016.
             Was a Believer of Makhleb.
             Slain by a troll (18 damage)
             ... on level 8 of the Dungeon on Apr 13, 2016.
             The game lasted 00:42:47 (8190 turns).

MrRokkomies the Basher (Ogre Hunter)                Turns: 8190, Time: 00:42:48

Health: 0/114      AC:  4    Str: 23    XL:     10   Next: 26%
Magic:  10/10      EV: 12    Int: 12    God:    Makhleb [**....]
Gold:   440        SH:  0    Dex: 11    Spells: 2 memorised, 2 levels left

rFire  . . .     SeeInvis .     a - +0 giant club
rCold  . . .     Gourm    .     l - +1 robe
rNeg   . . .     Faith    .     (shield currently unavailable)
rPois  .         Spirit   .     (helmet restricted)
rElec  .         Dismiss  .     (no cloak)
rCorr  .         Reflect  .     (gloves unavailable)
SustAt .         Harm     .     (boots unavailable)
MR     +....                    h - amulet of regeneration
Stlth  +.........               (no ring)
                                J - +4 ring of strength

@: somewhat resistant to hostile enchantments, very unstealthy
A: unfitting armour, tough skin 1
a: Minor Destruction, Renounce Religion


You were on level 8 of the Dungeon.
You worshipped Makhleb.
Makhleb was pleased with you.
You were not hungry.

You visited 2 branches of the dungeon, and saw 10 of its levels.

You collected 440 gold pieces.

Inventory:

Hand Weapons
 a - a +0 giant club (weapon)
 b - a +1 blowgun
Missiles
 c - 5 large rocks (quivered)
 d - 2 throwing nets
 e - 4 curare-tipped needles
 t - 23 poisoned needles
 v - 3 needles of paralysis
Armour
 l - a +1 robe (worn)
 M - a steam dragon hide
Jewellery
 h - an amulet of regeneration (around neck)
 y - an uncursed amulet of faith {unknown}
 J - a +4 ring of strength (left hand)
Wands
 m - a wand of enslavement (24/24)
 B - a wand of confusion (15/48)
 D - a wand of random effects (22/48)
 E - a wand of enslavement (19/24)
 F - a wand of lightning (6/15)
 K - a wand of iceblast (6/15)
Scrolls
 j - 3 scrolls of recharging
 q - a scroll of identify
 w - 4 scrolls of magic mapping
 x - a scroll of fog
 N - 2 scrolls of remove curse
Potions
 i - 4 potions of lignification
 n - a potion of haste {unknown}
 o - a potion of berserk rage {unknown}
 p - a potion of brilliance {unknown}
 r - 2 potions of curing {unknown}
 s - a potion of resistance {unknown}
 u - 3 potions of invisibility {unknown}
 z - a potion of flight {unknown}
 I - a potion of magic {unknown}
 O - a potion of degeneration {unknown}
Books
 C - a book of Frost

   Spells                             Type                      Level
   a - Freeze                         Ice                          1
   b - Throw Frost                    Conjuration/Ice              2
   c - Ozocubu's Armour               Charms/Ice                   3
   d - Throw Icicle                   Conjuration/Ice              4
   e - Summon Ice Beast               Ice/Summoning                4
 L - a book of Necromancy

   Spells                             Type                      Level
   a - Pain                           Necromancy                   1
   b - Animate Skeleton               Necromancy                   1
   c - Vampiric Draining              Necromancy                   3
   d - Regeneration                   Charms/Necromancy            3
   e - Animate Dead                   Necromancy                   4
   f - Control Undead                 Necromancy                   4
Comestibles
 f - 5 bread rations
 g - 2 meat rations
 A - 16 fruits
 G - 12 royal jellies
 H - a beef jerky


   Skills:
 - Level 11.4 Fighting
 * Level 12.7 Maces & Flails
 - Level 4.0 Throwing
 * Level 5.6 Dodging
 - Level 0.7 Stealth


You had 2 spell levels left.
You knew the following spells:

 Your Spells              Type           Power        Failure   Level  Hunger
a - Ozocubu's Armour      Chrm/Ice       #.......     88%         3    ####...
b - Summon Ice Beast      Ice/Summ       #.......     100%        4    #####..


Dungeon Overview and Level Annotations

Branches:
Dungeon (9/15)             Temple (1/1) D:5
   Lair: D:8-11         Orc: D:9-12

Altars:
Ashenzari
Cheibriados
Dithmenos
Elyvilon
Fedhas
Kikubaaqudgha
Makhleb
Nemelex Xobeh
Okawaru
Pakellas
Qazlal
Sif Muna
Trog
Vehumet
Xom
Yredelemnul
Zin
The Shining One

Annotations:
D:4 epen's ghost, amateur NaAK


Innate Abilities, Weirdness & Mutations

You are too large for most types of armour.
You have tough skin (AC +1).


Message History

You hit the troll.
The troll is heavily wounded.
The quokka bites you but does no damage.
The troll bites you!
* * * LOW HITPOINT WARNING * * *
The troll claws you but does no damage. The troll barely misses you.
You sock the troll!
The troll is severely wounded.
The quokka bites you.
* * * LOW HITPOINT WARNING * * *
Drink which item? (? for menu, Esc to quit)
You feel much better. The troll barely misses you.
The troll claws you but does no damage. The troll claws you!
* * * LOW HITPOINT WARNING * * *
The quokka bites you.
* * * LOW HITPOINT WARNING * * *
You hit the troll.
The troll is almost dead.
The troll bites you!!
You die...

.................####....####)...
.................# #..(.##...#..
#................####....##......
#..[.....####............##......
..........# #.#.....(######..._..
........#.# #.#....(.# #......
........#.# #.#...(..# #......
....#####.# #.#.rT...# #####..
....# #.###.#.@....# #.. ....#
#..##.#......# #.. .(..#
##.##.#......# ### ....#
#.##.#......# #+### #.##.########
#.########..#.#
......#...#.#.####
#.###.#.#.#......#
#...#...#.#......##


You could see a troll and a quokka.

Vanquished Creatures
  The ghost of epen the Spear-Bearer, a novice NaCK of Xom (D:6)
  Psyche (D:8)
  Grinder (D:3)
  A wyvern (D:8)
  A wraith (D:6)
  A steam dragon (D:8)
  A hippogriff (D:7)
  Edmund (D:5)
  3 sky beasts (D:7)
  2 orc warriors
  A phantom (D:5)
  A black bear (D:6)
  2 ogres
  A centaur (D:6)
  A big kobold (D:9)
  2 giant frogs
  2 scorpions
  2 crimson imps
  4 hounds
  8 orc wizards
  2 orc priests
  5 jellies
  A centaur skeleton (D:4)
  A giant frog skeleton (D:7)
  Ijyb (D:2)
  Terence (D:2)
  5 iguanas
  5 worker ants
  2 hound zombies
  2 hound skeletons (D:6)
  12 adders
  A shadow imp (D:4)
  6 oozes
  4 worms
  6 dart slugs
  5 giant geckos
  18 orcs
  5 bats
  4 giant cockroaches
  10 goblins
  9 hobgoblins
  13 jackals
  6 quokkas
  10 ball pythons
  A giant cockroach zombie (D:6)
  4 giant newts
  11 kobolds
  11 rats
198 creatures vanquished.

Notes
Turn   | Place    | Note
--------------------------------------------------------------
     0 | D:1      | MrRokkomies the Ogre Hunter began the quest for the Orb.
     0 | D:1      | Reached XP level 1. HP: 22/22 MP: 1/1
   139 | D:1      | Reached XP level 2. HP: 25/31 MP: 2/2
   893 | D:1      | Reached XP level 3. HP: 40/40 MP: 3/3
   950 | D:1      | Reached skill level 1 in Maces & Flails
  1711 | D:2      | Reached skill level 5 in Fighting
  1711 | D:2      | Reached skill level 2 in Maces & Flails
  1711 | D:2      | Reached XP level 4. HP: 35/50 MP: 4/4
  1874 | D:2      | Upgraded the game from 0.18-a0-1745-gffa9a88 to 0.18-a0-1760-gbb863503
  2274 | D:2      | Noticed Terence
  2292 | D:2      | Killed Terence
  2384 | D:2      | Reached skill level 3 in Maces & Flails
  2427 | D:2      | Noticed Ijyb
  2434 | D:2      | Killed Ijyb
  2434 | D:2      | Reached XP level 5. HP: 59/59 MP: 5/5
  2867 | D:2      | Reached skill level 4 in Maces & Flails
  3068 | D:3      | Found a basalt altar of Yredelemnul.
  3303 | D:3      | Reached XP level 6. HP: 68/68 MP: 6/6
  3498 | D:3      | Noticed Grinder
  3526 | D:3      | Killed Grinder
  3526 | D:3      | Reached skill level 5 in Maces & Flails
  3526 | D:3      | Reached XP level 7. HP: 59/78 MP: 7/7
  3651 | D:4      | Noticed epen's ghost (amateur NaAK)
  3686 | D:4      | Reached skill level 6 in Maces & Flails
  4133 | D:5      | Entered Level 5 of the Dungeon
  4208 | D:5      | Found a radiant altar of Vehumet.
  4234 | D:5      | Noticed Edmund
  4254 | D:5      | Killed Edmund
  4254 | D:5      | Reached skill level 7 in Maces & Flails
  4283 | D:5      | Found a staircase to the Ecumenical Temple.
  4289 | Temple   | Entered the Ecumenical Temple
  4508 | Temple   | Became a worshipper of Makhleb the Destroyer
  4542 | D:5      | Reached XP level 8. HP: 41/91 MP: 8/8
  4933 | D:5      | Found a shadowy altar of Dithmenos.
  4968 | D:5      | Reached skill level 8 in Maces & Flails
  5568 | D:6      | Noticed a wraith
  5571 | D:6      | Killed a wraith
  5571 | D:6      | Reached skill level 10 in Fighting
  5571 | D:6      | Reached skill level 9 in Maces & Flails
  5875 | D:6      | Learned a level 3 spell: Ozocubu's Armour
  5880 | D:6      | Learned a level 4 spell: Summon Ice Beast
  5987 | D:6      | Reached XP level 9. HP: 102/102 MP: 9/9
  6078 | D:6      | Noticed epen's ghost (novice NaCK)
  6243 | D:6      | Paralysed by epen's ghost for 3 turns
  6266 | D:6      | Killed epen's ghost
  6266 | D:6      | Reached skill level 10 in Maces & Flails
  6492 | D:6      | Found a burning altar of Makhleb.
  6492 | D:6      | Noticed a cacodemon
  6720 | D:7      | Reached * piety under Makhleb
  7100 | D:7      | Reached skill level 11 in Maces & Flails
  7575 | D:8      | Found an iron altar of Okawaru.
  7644 | D:8      | Found a glowing golden altar of the Shining One.
  7687 | D:8      | Found a shadowy altar of Dithmenos.
  7700 | D:8      | Found an ancient bone altar of Kikubaaqudgha.
  7797 | D:8      | Noticed Psyche
  7811 | D:8      | Reached skill level 12 in Maces & Flails
  7811 | D:8      | Reached XP level 10. HP: 92/114 MP: 10/10
  7815 | D:8      | Reached ** piety under Makhleb
  7822 | D:8      | Killed Psyche
  7822 | D:8      | Reached skill level 5 in Dodging
  8190 | D:8      | Slain by a troll

Vault maps used:
D:1:      wheals_arrival_linesprint, st_stairs_6
D:2:      first_bread, uniq_terence, uniq_iyjb
D:3:      lemuel_coloured_pillars_altar, minmay_snake_closets, uniq_grinder
D:5:      kennysheep_mini, minmay_temple_entry_hall,
          hangedman_decor_diamond_cutter, nicolae_dithmenos_shadow_blocks,
          uniq_edmund
D:6:      black_bear_nest_1, makhleb_altar_promises_db
D:7:      dk_vineyard_3
D:8:      kennysheep_ambush_hall, tso_altar, minitemple, basic_altar,
          hangedman_little_slice_of_home, uniq_psyche
D:9:      okawaru_metal_pillars_1_2, lemuel_doored_altar,
          nicolae_gozag_seed_capital
Temple:   chambers_temple_12

Skill      XL: |  1  2  3  4  5  6  7  8  9 10 |
---------------+-------------------------------+-----
Fighting       | 3 4 5 6 7 8 10 11 | 11.4
Maces & Flails | 2 3 4 5 7 9 12 | 12.7
Dodging        | 4 5 |  5.6
Throwing       | |  4.0
Stealth        | |  0.7

Action                   |  1- 3 |  4- 6 |  7- 9 | 10-12 || total
-------------------------+-------+-------+-------+-------++-------
Melee: Short sword       |    50 |       |       |       ||    50
       Club              |    32 |       |       |       ||    32
       Mace              |   106 |    38 |       |       ||   144
       Flail             |       |   188 |    84 |       ||   272
       Dire flail        |       |       |   203 |       ||   203
       Giant club        |       |       |    82 |    67 ||   149
 Fire: Blowgun           |       |       |    20 |     7 ||    27
Throw: Large rock        |     3 |     4 |     6 |       ||    13
Evoke: Club              |       |       |     2 |       ||     2
  Use: Scroll            |       |     5 |     6 |       ||    11
       Potion            |       |     1 |     1 |     1 ||     3
 Stab: Sleeping          |     1 |     4 |       |       ||     5
       Confused          |       |       |     1 |       ||     1
  Eat: Chunk             |     2 |     7 |    13 |     1 ||    23
       Beef jerky        |       |       |     1 |       ||     1
Armor: Robe              |       |    66 |    82 |    15 ||   163
Dodge: Dodged            |       |   134 |   167 |    36 ||   337
